 Dungeon Crawl Stone Soup version 0.30-a0-469-g84de5afbc5 (webtiles) character file.

Game seed: 8924412681280734045

287 cforsyth the Cudgeller (level 6, -5/54 HPs)
             Began as an Armataur Gladiator on Dec 19, 2022.
             Killed from afar by Jessica (15 damage)
             ... with a bolt of dispelling energy
             ... on level 3 of the Dungeon.
             The game lasted 00:05:05 (3003 turns).

cforsyth the Cudgeller (Armataur Gladiator)         Turns: 3003, Time: 00:05:05

Health: -5/54      AC:  6    Str: 21    XL:     6   Next: 8%
Magic:  6/6        EV: 10    Int:  8    God:
Gold:   281        SH:  0    Dex: 12    Spells: 5/5 levels left

rFire   . . .      SeeInvis .    a - +0 flail
rCold   . . .      Faith    .    (no shield)
rNeg    . . .      Spirit   .    b - +0 leather armour
rPois   .          Reflect  .    c - +0 helmet
rElec   .          Harm     .    (no cloak)
rCorr   .          Roll     +    (no gloves)
Will    .....                    (no barding)
Stlth   +.........               (no amulet)
HPRegen 0.29/turn                (no ring)
MPRegen 0.10/turn                (no ring)

@: no status effects
A: large, rugged brown scales 3, deformed body, armoured tail, roll, long
tongue, awkward tongue
a: no special abilities


You were on level 3 of the Dungeon.
You visited 1 branch of the dungeon, and saw 4 of its levels.
You also visited: Sewer.

You collected 281 gold pieces.

Inventory:

Hand Weapons
 a - a +0 flail (weapon)
Missiles
 d - 3 throwing nets (quivered)
 e - a javelin
Armour
 b - a +0 leather armour (worn)
 c - a +0 helmet (worn)
Scrolls
 f - a scroll of enchant armour {unknown}
 g - a scroll of poison {unknown}
 h - 2 scrolls of identify {unknown}
 i - a scroll of teleportation {unknown}
 j - a scroll of vulnerability {unknown}
 k - 2 scrolls of enchant weapon {unknown}
 l - a scroll of brand weapon {unknown}
 n - a scroll of magic mapping {unknown}
 p - a scroll of amnesia {unknown}
Potions
 m - 5 potions of flight
 o - a potion of might


   Skills:
 + Level 3.6 Fighting
 + Level 4.2 Maces & Flails
 - Level 1.7 Throwing
 + Level 4.0 Armour
 - Level 2.1 Dodging


You had 5 spell levels left.
You didn't know any spells.
Your spell library contained the following spells:

 Spells                   Type           Power      Damage    Failure   Level
 Scorch                   Fire           0%         2d5       58%         2
 Flame Wave               Conj/Fire      0%         2d4       99%         4
 Summon Cactus Giant      Summ           0%         N/A       100%        6


Dungeon Overview and Level Annotations

Branches:
Dungeon (4/15)              Sewer (visited)
 Temple: D:4-7

Altars:
Hepliaklqana

Annotations:
D:3 Jessica


Innate Abilities, Weirdness & Mutations

You are completely covered in rugged brown scales. (AC +3, +7% HP)
Armour fits poorly on your strangely shaped body.
You have a long armoured tail.
You roll when moving toward enemies. (Rampage)
Your long tongue fully drains potion bottles. (2x potion effects)
Your tongue gives you trouble enunciating. (1.5x scroll delay)


Message History

Jessica mumbles some strange words.
Jessica blinks!
The ball python barely misses you. x2
You barely miss the ball python.
Jessica zaps a wand.
The bolt of dispelling energy hits the ball python!!
The ball python dies!
The bolt of dispelling energy hits you! The kobold barely misses you.
The hobgoblin barely misses you. The kobold completely misses you.
The hobgoblin hits you.
You are too injured to fight recklessly!
You are too injured to fight recklessly!
You are too injured to fight recklessly!
You are too injured to fight recklessly!
You are too injured to fight recklessly!
You are too injured to fight recklessly!
You are too injured to fight recklessly!
You are too injured to fight recklessly!
You are too injured to fight recklessly!
You hit the hobgoblin but do no damage.
Jessica zaps a wand.
The bolt of dispelling energy hits you! The kobold hits you but does no damage.
The hobgoblin hits you.
You hit the hobgoblin.
The hobgoblin is moderately wounded.
Jessica mumbles some strange words.
Jessica blinks!
The kobold hits you but does no damage. The hobgoblin hits you.
You hit the hobgoblin but do no damage.
The hobgoblin is moderately wounded.
Jessica grins evilly.
Jessica zaps a wand.
The bolt of dispelling energy hits the hobgoblin!
The hobgoblin dies!
The bolt of dispelling energy hits you. The kobold closely misses you.
The kobold hits you but does no damage. Jessica casts a spell at you.
Pain shoots through your body!
* * * LOW HITPOINT WARNING * * *
Jessica zaps a wand.
The bolt of dispelling energy hits the kobold!!
The kobold dies!
The bolt of dispelling energy hits you!
You die...

#....~~....)~~....
####<...##~~~~~##....
#.....#.##~~~≈≈##....
#.....#.......~......
#
#.....######.#.....>.
.. #.....# #..)).....
...#.....# ###)......
.........# #.......
..###..@##### ####....
. #.........# #....
#.....)...# #....
#....†@...# ####....
#.........# #.......
#..........####.###..#
#.....................
#.........##..#######.
#.........###.#.....#.


You could see Jessica (fast).

Vanquished Creatures
  2 iguanas
  5 adders (Sewer)
  4 gnolls (D:3)
  3 river rats (Sewer)
  5 worms
  A dart slug (D:2)
  An orc (D:3)
  5 endoplasms
  6 giant cockroaches
  7 hobgoblins
  18 jackals
  5 kobolds
  4 quokkas
  11 ball pythons
  14 bats
  9 frilled lizards
  3 goblins
  2 rats
105 creatures vanquished.

Vanquished Creatures (others)
  A hobgoblin (D:3)
  A kobold (D:3)
  A ball python (D:3)
  4 fungi (D:3)
  A plant (D:3)
8 creatures vanquished.

Grand Total: 113 creatures vanquished

Notes
Turn   | Place    | Note
-------+----------+-------------------------------------------
     0 | D:1      | cforsyth the Armataur Gladiator began the quest for the
                  | Orb.
     0 | D:1      | Reached XP level 1. HP: 18/18 MP: 1/1
    87 | D:1      | Reached skill level 1 in Armour
    87 | D:1      | Reached XP level 2. HP: 22/25 MP: 2/2
   482 | D:1      | Reached XP level 3. HP: 24/31 MP: 3/3
  1291 | D:2      | Reached XP level 4. HP: 39/39 MP: 4/4
  1520 | D:2      | You fall into a shaft and drop 2 floors!
  1627 | D:3      | Found a glowing drain.
  1635 | D:3      | Reached XP level 5. HP: 48/48 MP: 5/5
  1650 | Sewer    | Entered a sewer
  2061 | Sewer    | HP: 2/48 [river rat (3)]
  2750 | D:3      | Found a hazy altar of Hepliaklqana.
  2803 | D:3      | Reached XP level 6. HP: 30/54 MP: 6/6
  2995 | D:3      | Noticed Jessica
  3003 | D:3      | Killed from afar by Jessica

Illustrated notes

Levels and vault maps discovered:
D:1:      saegor_arrival_fortress, layout_rooms
D:2:      layout_rooms, serial_shops, shop_fountains
D:3:      layout_basic, amcnicky_altar_gilded,
          dreamdust_ecumenical_altar_hidden_monk_grotto,
          cheibrodos_sewer_entry_sluice, uniq_jessica
D:4:      layout_basic, serial_shops, nicolae_square_shop, minivault_14

Skill      XL: |  1  2  3  4  5  6 |
---------------+-------------------+-----
Fighting       | 2 3 |  3.6
Armour         | 1 2 3 4 |  4.0
Maces & Flails | 3 4 |  4.2
Throwing       | |  1.7
Dodging        | |  2.1

Action                   |  1- 3 |  4- 6 || total
-------------------------+-------+-------++-------
Melee: Flail             |   159 |   180 ||   339
       Tailslap          |    20 |     5 ||    25
       Punch             |     3 |     1 ||     4
  Use: Potion            |       |     4 ||     4
Armor: Leather armour    |   125 |   125 ||   250
Dodge: Dodged            |   107 |   176 ||   283

Table legend: (Time is in decaauts)
 A = Elapsed time spent in this place.
 B = Non-inter-level travel time spent in this place.
 C = Inter-level travel time spent in this place.
 D = Time resting spent in this place.
 E = Time spent auto-exploring this place.
 F = Levels seen in this place.
 G = Mean time per level.
                   A        B        C        D        E       F      G
               +--------+--------+--------+--------+--------+-----+--------+
         Total |   3062 |   3006 |     56 |    300 |   1928 |   5 |  612.4 |
       Dungeon |   2111 |   2055 |     56 |    147 |   1366 |   4 |  527.8 |
         Sewer |    950 |    950 |      0 |    153 |    562 |   1 |  950.0 |
               +--------+--------+--------+--------+--------+-----+--------+

Top non-repeatable levels by time:
     D:1: 1041 daAuts
   Sewer: 950 daAuts
     D:2: 522 daAuts
     D:3: 474 daAuts
     D:4: 72 daAuts
